 Dungeon Crawl Stone Soup version 0.23-a0-175-g97aacdb (webtiles) character file.

107 wwer the Poker (level 4, 0/33 HPs)
             Began as a Merfolk Skald on Sept 17, 2018.
             Slain by Sigmund
             ... wielding a +0 scythe
              (4 damage)
             ... on level 2 of the Dungeon.
             The game lasted 00:03:06 (2129 turns).

wwer the Poker (Merfolk Skald)                      Turns: 2129, Time: 00:03:07

Health: 0/33       AC:  5    Str: 11    XL:     4   Next: 85%
Magic:  7/7        EV: 12    Int: 12    God:
Gold:   90         SH:  0    Dex: 14    Spells: 6/7 levels left

rFire    . . .     SeeInvis .   Y - +0 spear
rCold    . . .     Gourm    .   (no shield)
rNeg     . . .     Faith    .   j - +1 leather armour {MR+}
rPois    .         Spirit   .   (no helmet)
rElec    .         Reflect  .   (no cloak)
rCorr    .         Harm     .   (no gloves)
MR       +....                  k - +0 pair of boots
Stlth    +.........             (no amulet)
HPRegen  0.11/turn              (no ring)
MPRegen  0.10/turn              (no ring)

@: about to teleport
A: change form in water, swift swim, stealthy swim
a: no special abilities


You were on level 2 of the Dungeon.
You were not hungry.

You visited 1 branch of the dungeon, and saw 2 of its levels.

You collected 90 gold pieces.


   Skills:
 - Level 2.1 Fighting
 + Level 7.1 Polearms
 - Level 0.6 Armour
 - Level 2.6 Dodging
 - Level 2.0 Spellcasting
 - Level 3.2 Charms


You had 6 spell levels left.
You knew the following spells:

 Your Spells              Type           Power        Failure   Level  Hunger
a - Infusion              Chrm           #...         10%         1    ##.....

Your spell library contained the following spells:

 Spells                   Type           Power        Failure   Level  Hunger
 Song of Slaying          Chrm           #.......     14%         2    ###....
 Shroud of Golubria       Chrm/Tloc      #.........   28%         2    ###....
 Regeneration             Chrm/Necr      #.........   50%         3    ####...
 Spectral Weapon          Hex/Chrm       #.......     50%         3    ####...

Inventory:

Hand Weapons
 Y - a +0 spear (weapon)
Missiles
 e - 2 tomahawks (quivered)
Armour
 b - a +1 pair of gloves
 h - a +1 helmet
 j - a +1 leather armour of magic resistance (worn)
 k - a +0 pair of boots (worn)
Scrolls
 a - 5 scrolls of identify
 i - a scroll of remove curse {unknown}
Potions
 g - a potion of mutation
Comestibles
 c - 3 chunks of flesh
 d - 3 rations

Dungeon Overview and Level Annotations

Branches:
Dungeon (2/15)

Altars:

Annotations:
D:2 Sigmund


Message History

You hit Sigmund.
Sigmund is heavily wounded.
Sigmund barely misses you.
You hit Sigmund but do no damage.
Sigmund is heavily wounded.
You hit Sigmund.
Sigmund is severely wounded.
Sigmund gestures at you while chanting. The puff of flame hits you!
2127 ||| READING scroll of teleportation.
As you read the scroll of teleportation, it crumbles to dust.
You feel strangely unstable. Sigmund barely misses you.
You closely miss Sigmund.
Sigmund is severely wounded.
You barely miss Sigmund.
Sigmund is severely wounded.
Sigmund's eyes start glowing with a red light.
Sigmund hits you from afar with a scythe.
You die...

###.........%......####
###..####.#####.(.....#
##........# #.##.##.#
##.#.###### #.##.##.#
##.#.# #....##.# .....#
#..####.# .#.###..
#..####.# ........
#.......# ...###..
##@###### ...# #.# ...#
#@# .).###### #.#
##.##<..# #.#
#.##...### #.#
#........# #.#
##........... #.#
#.........##.


You could see Sigmund.

Vanquished Creatures
  Robin (D:2)
  2 adders (D:2)
  An adder skeleton (D:2)
  2 dart slugs
  3 leopard geckos (D:1)
  7 bats
  4 giant cockroaches
  11 hobgoblins
  6 jackals
  4 frilled lizards
  10 goblins
  7 kobolds
  5 rats
63 creatures vanquished.

Notes
Turn   | Place    | Note
-------+----------+-------------------------------------------
     0 | D:1      | wwer the Merfolk Skald began the quest for the Orb.
     0 | D:1      | Reached XP level 1. HP: 16/16 MP: 3/3
     0 | D:1      | 0 ||| counter = 3
   249 | D:1      | Reached skill level 4 in Polearms
   249 | D:1      | Reached XP level 2. HP: 16/22 MP: 5/5
   770 | D:1      | Reached skill level 5 in Polearms
   770 | D:1      | Reached XP level 3. HP: 27/27 MP: 6/6
  1236 | D:1      | 1236 ||| UPGRADING to dyed leather armour.
  1246 | D:1      | 1246 ||| DROPPING +0 leather armour.
  1247 | D:1      | 1247 ||| UPGRADING to pair of boots.
  1252 | D:1      | 1252 ||| READING 4 scrolls labeled XISHUI ELLYAME.
  1253 | D:1      | 1253 ||| READING scroll labeled REGHOF RACLEHARGH.
  1254 | D:1      | 1254 ||| READING 2 scrolls labeled KOEXKEO EBIFF.
  1257 | D:1      | 1257 ||| READING 3 scrolls of identify.
  1257 | D:1      | 1257 ||| IDENTIFYING glowing bronze amulet
  1258 | D:1      | 1258 ||| DROPPING amulet of rage.
  1259 | D:1      | 1259 ||| READING 2 scrolls of identify.
  1259 | D:1      | 1259 ||| IDENTIFYING murky inky potion
  1283 | D:2      | 1283 ||| STAIRDANCE
  1293 | D:2      | 1293 ||| STAIRDANCE
  1389 | D:2      | Noticed Robin
  1394 | D:2      | 1394 ||| Stepping ~*~*~tactically~*~*~ (outnumbered).
  1399 | D:2      | 1399 ||| Stepping ~*~*~tactically~*~*~ (outnumbered).
  1400 | D:2      | 1400 ||| Stepping ~*~*~tactically~*~*~ (outnumbered).
  1401 | D:2      | 1401 ||| Stepping ~*~*~tactically~*~*~ (outnumbered).
  1402 | D:2      | 1402 ||| Stepping ~*~*~tactically~*~*~ (outnumbered).
  1403 | D:2      | 1403 ||| Stepping ~*~*~tactically~*~*~ (outnumbered).
  1404 | D:2      | 1404 ||| Stepping ~*~*~tactically~*~*~ (outnumbered).
  1405 | D:2      | 1405 ||| Stepping ~*~*~tactically~*~*~ (outnumbered).
  1407 | D:2      | 1407 ||| Stepping ~*~*~tactically~*~*~ (outnumbered).
  1408 | D:2      | 1408 ||| Stepping ~*~*~tactically~*~*~ (outnumbered).
  1416 | D:2      | Reached skill level 6 in Polearms
  1428 | D:2      | Reached XP level 4. HP: 27/33 MP: 7/7
  1461 | D:2      | Killed Robin
  1468 | D:2      | HP: 6/33 [hobgoblin/club[Robin] (4)]
  1469 | D:2      | 1469 ||| READING scroll of teleportation.
  1985 | D:2      | Reached skill level 7 in Polearms
  2106 | D:2      | Noticed Sigmund
  2126 | D:2      | HP: 4/33 [Sigmund/puff of flame (6)]
  2127 | D:2      | 2127 ||| READING scroll of teleportation.
  2129 | D:2      | Slain by Sigmund

Vault maps used:
D:1:      giann_wishing_wells
D:2:      uniq_sigmund, uniq_robin, uniq_crazy_yiuf_cottage

Skill      XL: |  1  2  3  4 |
---------------+-------------+-----
Polearms       | 4 5 6 7 |  7.1
Fighting       | |  2.1
Armour         | |  0.6
Dodging        | |  2.6
Spellcasting   | |  2.0
Charms         | |  3.2

Action                   |  1- 3 |  4- 6 || total
-------------------------+-------+-------++-------
Melee: Spear             |   147 |   100 ||   247
Throw: Tomahawk          |       |     4 ||     4
  Use: Scroll            |     5 |     2 ||     7
  Eat: Chunk             |     2 |     2 ||     4
Armor: Leather armour    |    28 |     9 ||    37
Dodge: Dodged            |    69 |    34 ||   103

Table legend:
 A = Non-vault XP
 B = Vault XP
 C = Vault XP percentage of total XP
 D = Non-vault monster count
 E = Vault monster count
 F = Vault count percentage of total count
                 A         B        C        D         E       F
            +---------+---------+-------+---------+---------+-------
      Total |     113 |      40 |  26.1 |      51 |      12 |  19.0
            +---------+---------+-------+---------+---------+-------
        D:1 |      51 |       0 |   0.0 |      31 |       0 |   0.0
        D:2 |      62 |      40 |  39.2 |      20 |      12 |  37.5
            +---------+---------+-------+---------+---------+-------
